 Dungeon Crawl Stone Soup version 0.28.0-43-g3370ac3207 (webtiles) character file.

Game seed: 5552076305727560352

74 lonewolfV2 the Skirmisher (level 4, -6/41 HPs)
             Began as a Hill Orc Fighter on Mar 3, 2022.
             Mangled by a small abomination (18 damage)
             ... on level 3 of the Dungeon.
             The game lasted 00:02:19 (1834 turns).

lonewolfV2 the Skirmisher (Hill Orc Fighter)        Turns: 1834, Time: 00:02:20

Health: -6/41      AC:  7    Str: 20    XL:     4   Next: 30%
Magic:  4/4        EV:  9    Int:  8    God:
Gold:   57         SH:  4    Dex: 10    Spells: 3/3 levels left

rFire   . . .      SeeInvis .   a - +0 war axe
rCold   . . .      Faith    .   c - +0 buckler
rNeg    . . .      Spirit   .   b - +0 scale mail
rPois   .          Reflect  .   (no helmet)
rElec   .          Harm     .   (no cloak)
rCorr   .          Rampage  .   (no gloves)
Will    .....                   (no boots)
Stlth   ..........              (no amulet)
HPRegen 0.13/turn               (no ring)
MPRegen 0.09/turn               (no ring)

@: slowed, very slow
A: no striking features
a: no special abilities


You were on level 3 of the Dungeon.
You visited 1 branch of the dungeon, and saw 3 of its levels.

You collected 57 gold pieces.

Inventory:

Hand Weapons
 a - a +0 war axe (weapon)
Armour
 b - a +0 scale mail (worn)
 c - a +0 buckler (worn)
Scrolls
 g - a scroll of magic mapping
Potions
 d - a potion of might
 e - a potion of attraction {unknown}
 f - a potion of degeneration {unknown}


   Skills:
 + Level 4.3 Fighting
 + Level 3.8 Axes
 + Level 4.0 Armour
 + Level 0.3 Dodging
 + Level 3.7 Shields


You had 3 spell levels left.
You didn't know any spells.
Your spell library was empty.

Dungeon Overview and Level Annotations

Branches:
Dungeon (3/15)

Altars:

Portals:
Abyss: D:3

Annotations:
D:3 1 transporter, smarlow's ghost, amateur DjFE


Message History

Smarlow's ghost (amateur Djinni Fire Elementalist) comes into view.
Smarlow's ghost turns its malevolent gaze towards you.
The gnoll closely misses you.
Found a one-way gate to the infinite horrors of the Abyss.
Smarlow's ghost gestures at you while chanting.
You feel yourself slow down.
The gnoll hits you with a +2 halberd of distortion.
You block the gnoll's attack.
A small abomination comes into view.
You slash the gnoll!
The gnoll is heavily wounded.
The small abomination enters a dispersal trap!
Smarlow's ghost blinks!
The gnoll blinks!
The gnoll enters a dispersal trap!
The small abomination blinks!
Smarlow's ghost blinks!
The small abomination blinks!
You blink.
The gnoll blinks!
You blink.
The small abomination blinks!
You block the gnoll's attack.
The small abomination enters a dispersal trap!
The gnoll blinks!
Smarlow's ghost blinks!
You blink.
The small abomination blinks!
The gnoll hits you but does no damage. Space warps horribly around you!
You slash the gnoll!
You kill the gnoll!
Smarlow's ghost gestures at you while chanting.
You resist with significant effort. The small abomination hits you!!
* * * LOW HITPOINT WARNING * * *
Things that are here:
a +2 halberd of distortion; a gnoll corpse Really walk into that dispersal trap? [Y]es or [N]o only, please.
Really walk into that dispersal trap? [Y]es or [N]o only, please.
Really walk into that dispersal trap?
Okay, then.
The small abomination hits you but does no damage.
You block the small abomination's attack.
Smarlow's ghost barely misses you.
You barely miss smarlow's ghost. You barely miss the small abomination.
The small abomination hits you!!
You die...

..###....####.......##.##
##..##..####....##..#
#.©#5x^...##..####.# ##.
#..##..#.#.#..# #.#
#..##...###.#.##..# #..
#^.##....#.W##...# #..
...###.##(. #...####..
..###.#####.#^.##........
....#$^)@W..##.x#©..####.
...##∩^#x...##.##...# #.
#....©.###.##...## ##
#...####.#..#.....#
#....#..##...##....#
##.###...###..#....#
###.......####....#
.......(.....)....####
...................>...


You could see a small abomination and smarlow's ghost.

Vanquished Creatures
  A gnoll (D:3)
  2 adders (D:3)
  A dart slug (D:1)
  3 ball pythons
  4 endoplasms
  2 giant cockroaches (D:1)
  8 goblins
  7 hobgoblins
  3 kobolds (D:2)
  4 bats
  4 frilled lizards
  4 rats
43 creatures vanquished.

Notes
Turn   | Place    | Note
-------+----------+-------------------------------------------
     0 | D:1      | lonewolfV2 the Hill Orc Fighter began the quest for the
                  | Orb.
     0 | D:1      | Reached XP level 1. HP: 19/19 MP: 1/1
   207 | D:1      | Reached XP level 2. HP: 27/27 MP: 2/2
   786 | D:1      | Reached XP level 3. HP: 22/33 MP: 3/3
  1616 | D:3      | Reached XP level 4. HP: 28/40 MP: 4/4
  1750 | D:3      | Noticed a small abomination
  1767 | D:3      | Found a transporter.
  1812 | D:3      | Found a transporter.
  1827 | D:3      | Noticed smarlow's ghost (amateur DjFE)
  1827 | D:3      | Found a one-way gate to the infinite horrors of the Abyss.
  1829 | D:3      | Noticed a small abomination
  1834 | D:3      | Mangled by a small abomination

Illustrated notes

Levels and vault maps discovered:
D:1:      lightli_arrival_boilingwater, layout_basic
D:2:      layout_rooms, mrwooster_statue_mirror
D:3:      layout_basic, gammafunk_ghost_abyssal_escape, minmay_misc_feat_rows,
          wad_orctagon

Skill      XL: |  1  2  3  4 |
---------------+-------------+-----
Fighting       | 4 |  4.3
Axes           | 3 |  3.8
Armour         | 4 |  4.0
Dodging        | |  0.3
Shields        | |  3.7

Action                   |  1- 3 |  4- 6 || total
-------------------------+-------+-------++-------
Melee: War axe           |   101 |     7 ||   108
  Use: Scroll            |     4 |       ||     4
Armor: Scale mail        |    58 |     3 ||    61
Dodge: Dodged            |    55 |     3 ||    58
Block: Buckler           |    24 |     3 ||    27
